 Dungeon Crawl Stone Soup version 0.16.2-12-gd0ad4c3 (webtiles) character file.

9833 bearone the Covert (level 11, -5/93 HPs)
             Began as a Deep Dwarf Assassin on Sept 30, 2015.
             Slain by a six-headed hydra (9 damage)
             ... on level 2 of the Lair of Beasts on Oct 1, 2015.
             The game lasted 02:29:43 (13627 turns).

bearone the Covert (Deep Dwarf Assassin)           Turns: 13627, Time: 02:29:43

Health: -5/93      AC:  6    Str: 21    XL:     11   Next: 28%
Magic:  22/22      EV: 18    Int: 12    God:
Gold:   698        SH:  0    Dex: 17    Spells: 0 memorised, 10 levels left

rFire  + . .     SeeInvis .     b - +1 blowgun
rCold  . . .     Clarity  .     v - +1 robe {rF+}
rNeg   . . .     SustAb   .     (no shield)
rPois  .         Gourm    .     A - +1 helmet
rElec  .         Spirit   .     d - +0 cloak
rCorr  .         Warding  .     (no gloves)
rMut   .         Stasis   .     (no boots)
MR     +....                    (no amulet)
Stlth  +++++.....               z - +6 ring of strength
                                N - ring of teleport control

@: non-regenerating, somewhat resistant to hostile enchantments, quite stealthy
A: damage resistance, recharge devices, sense surroundings 2, slow healing 3
a: Device Recharging, Evoke Teleport Control


You were on level 2 of the Lair of Beasts.
You were not hungry.

You visited 2 branches of the dungeon, and saw 13 of its levels.

You collected 698 gold pieces.

Inventory:

Hand weapons
 a - a +4 dagger of venom
 b - a +1 blowgun (weapon)
Missiles
 e - 24 poisoned needles
 j - 171 stones
 P - a throwing net
 U - 8 needles of slowing (quivered)
 V - a tomahawk
Armour
 d - a +0 cloak (worn)
 v - a +1 robe of fire resistance (worn)
 A - a +1 helmet (worn)
Jewellery
 k - an uncursed amulet of the gourmand {unknown}
 m - an uncursed ring of ice
 z - a +6 ring of strength (right hand)
 B - an uncursed ring of protection from cold
 K - a cursed +2 ring of protection {unknown}
 N - a ring of teleport control (left hand)
 Z - an uncursed amulet of stasis {unknown}
Magical devices
 g - a wand of heal wounds (2)
 l - a wand of slowing (37)
 t - a wand of confusion (10)
 x - a wand of slowing (20)
 E - a wand of teleportation (4)
 J - a wand of slowing (26)
Scrolls
 f - a scroll of teleportation
 o - 4 scrolls of remove curse
 I - 2 scrolls of magic mapping
 O - 2 scrolls of fog
 T - a scroll of blinking
Potions
 i - a potion of haste
 n - 3 potions of might
 q - a potion of brilliance {unknown}
 u - a potion of restore abilities {unknown}
 C - 2 potions of ambrosia {unknown}
 D - a potion of berserk rage {unknown}
 F - a potion of flight {unknown}
 G - a potion of invisibility {unknown}
 L - a potion of lignification {unknown}
 M - 4 potions of curing
Miscellaneous
 c - a phial of floods (inert)
 r - a lamp of fire (inert)
 X - a plain deck of defence
Comestibles
 h - 8 bread rations
 p - 5 fruits
 s - a meat ration
 w - a beef jerky


   Skills:
 + Level 4.6 Fighting
 + Level 6.9 Short Blades
 * Level 6.2 Throwing
 + Level 2.2 Armour
 * Level 8.9 Dodging
 * Level 11.6 Stealth
 + Level 10.9 Evocations


You had 10 spell levels left.
You didn't know any spells.

Dungeon Overview and Level Annotations

Branches:
Dungeon (10/15)            Temple (0/1) D:4            Lair (3/8) D:9
  Swamp: Lair:3-6    Shoals: Lair:3-6     Snake: Lair:3-6    Spider: Lair:3-6
    Orc: D:9-12

Altars:
Ashenzari
Cheibriados
Dithmenos
Fedhas
Nemelex Xobeh
Qazlal
Sif Muna
Trog
Vehumet
Zin

Annotations:
D:4 Musteatbrain's ghost, experienced KoEn
D:10 Josephine


Innate Abilities, Weirdness & Mutations

You are resistant to damage.
You can recharge devices by infusing magical energy.
You passively map the area around you.
You do not heal naturally.


Message History

The six-headed hydra closely misses you.
You clumsily bash the six-headed hydra but do no damage.
The six-headed hydra bites you but does no damage.
The six-headed hydra closely misses you.
The six-headed hydra bites you.
* * * LOW HITPOINT WARNING * * *
The six-headed hydra barely misses you. The six-headed hydra bites you.
The six-headed hydra completely misses you.
The six-headed hydra bites you!
* * * LOW HITPOINT WARNING * * *
The six-headed hydra bites you!
* * * LOW HITPOINT WARNING * * *
The six-headed hydra bites you!
* * * LOW HITPOINT WARNING * * *
The six-headed hydra closely misses you.
The six-headed hydra bites you but does no damage.
The six-headed hydra misses you.
You clumsily bash the six-headed hydra but do no damage.
The six-headed hydra bites you!
You die...

### ######## ######
#P#######..##P.###..#.#######
.......(....................#
.........>.....D@...........#
..#.###...P##.P##...#.P..#..#
...##
##..########..#####...##
.#### #...# * * #..######...#
..#P##....# , *#..##P.#...##
........[.. ...........##
............, ,
............P# ........P...
.#..###.##..##
........###*,***,#...##.#P..#


You could see a six-headed hydra.

Vanquished Creatures
  A hill giant (D:10)
  Maurice (D:9)
  A black mamba (Lair:2)
  A spiny frog (Lair:2)
  A fire drake (Lair:2)
  A troll (D:9)
  Grinder (D:4)
  Prince Ribbit (D:4)
  A trapdoor spider zombie (D:10)
  A basilisk (Lair:1)
  A shadow (D:9)
  6 yaks
  2 deep elf magi
  Eustachio (D:7)
  A steam dragon (D:7)
  2 hungry ghosts
  A deep elf fighter (D:9)
  A hippogriff (D:8)
  A water moccasin (Lair:2)
  2 sky beasts
  A black bear (Lair:1)
  An ice beast (D:6)
  2 phantoms
  2 porcupines
  5 ogres
  A centaur (D:10)
  Sigmund (D:4)
  6 crocodiles
  6 giant frogs
  4 scorpions
  11 killer bees (D:7)
  A jelly (D:9)
  3 wights (D:8)
  2 giant frog zombies
  8 crimson imps
  5 hounds
  3 centaur skeletons
  3 orc priests
  5 orc wizards
  A quasit (D:8)
  7 iguanas
  Natasha (thrice) (D:3)
  5 worker ants
  A hound skeleton (D:8)
  A worker ant zombie (D:5)
  Robin (D:3)
  20 adders
  10 gnolls
  4 river rats (D:9)
  4 shadow imps
  2 worms (D:2)
  An adder zombie (D:5)
  2 adder skeletons
  10 giant geckos
  An ooze (D:3)
  16 orcs
  4 ball pythons
  6 giant cockroaches
  21 goblins
  21 hobgoblins
  2 jackals (D:3)
  8 quokkas
  29 bats
  3 giant newts
  2 jackal skeletons
  15 kobolds
  A quokka skeleton (D:7)
  29 rats
  A fungus (D:9)
  A plant (D:9)
330 creatures vanquished.

Vanquished Creatures (collateral kills)
  A spiny frog (Lair:2)
  A quasit (D:9)
  An adder zombie (D:9)
3 creatures vanquished.

Vanquished Creatures (others)
  A giant frog (D:9)
  An orc (D:10)
  3 fungi (D:9)
  6 plants
11 creatures vanquished.

Grand Total: 344 creatures vanquished

Notes
Turn   | Place    | Note
--------------------------------------------------------------
     0 | D:1      | bearone, the Deep Dwarf Assassin, began the quest for the Orb.
     0 | D:1      | Reached XP level 1. HP: 19/19 MP: 1/1
    79 | D:1      | Reached skill level 5 in Stealth
    89 | D:1      | Reached skill level 1 in Evocations
   116 | D:1      | Reached XP level 2. HP: 24/26 MP: 2/2
   928 | D:2      | Reached XP level 3. HP: 25/32 MP: 4/4
  1126 | D:2      | Reached XP level 4. HP: 26/39 MP: 5/5
  1531 | D:2      | Found a sparkling altar of Nemelex Xobeh.
  1639 | D:2      | Found a stormy altar of Qazlal.
  1662 | D:2      | Reached skill level 6 in Stealth
  1828 | D:3      | Found a snail-covered altar of Cheibriados.
  1869 | D:3      | Reached XP level 5. HP: 33/45 MP: 7/7
  2050 | D:3      | Found a glowing silver altar of Zin.
  2191 | D:3      | Noticed an ogre
  2254 | D:3      | Killed an ogre
  2297 | D:3      | Noticed Natasha
  2341 | D:3      | Killed Natasha
  2341 | D:3      | Reached XP level 6. HP: 38/52 MP: 9/9
  2577 | D:3      | Noticed Robin
  2602 | D:3      | Killed Robin
  2602 | D:3      | Reached skill level 7 in Stealth
  2682 | D:3      | Noticed Natasha
  2686 | D:3      | Killed Natasha
  2821 | D:3      | Noticed Natasha
  2825 | D:3      | Killed Natasha
  3356 | D:4      | Found a staircase to the Ecumenical Temple.
  3492 | D:4      | Noticed Sigmund
  3517 | D:4      | Killed Sigmund
  3517 | D:4      | Reached XP level 7. HP: 37/58 MP: 12/12
  3612 | D:4      | Reached skill level 8 in Stealth
  3652 | D:4      | Noticed Musteatbrain's ghost (experienced KoEn)
  3744 | D:4      | Reached skill level 5 in Evocations
  3870 | D:4      | Noticed Prince Ribbit
  4009 | D:4      | Noticed Grinder
  4062 | D:4      | Killed Grinder
  4075 | D:4      | Reached skill level 9 in Stealth
  4123 | D:4      | Killed Prince Ribbit
  4123 | D:4      | Reached XP level 8. HP: 29/67 MP: 15/15
  4141 | D:4      | Got a dazzling mace
  4142 | D:4      | Identified the +10 mace of the Vaults {crush, rN+ Str+4 Dex-4} (You found it on level 4 of the Dungeon)
  4209 | D:5      | Entered Level 5 of the Dungeon
  4605 | D:5      | Found a radiant altar of Vehumet.
  4625 | D:5      | Found a shadowy altar of Dithmenos.
  4627 | D:5      | Found a shattered altar of Ashenzari.
  4728 | D:5      | Reached skill level 5 in Dodging
  4790 | D:5      | Found a blossoming altar of Fedhas.
  6356 | D:6      | Gained mutation: You passively map the area around you. [level up]
  6356 | D:6      | Reached XP level 9. HP: 55/74 MP: 17/19
  6551 | D:7      | Found a bloodstained altar of Trog.
  6577 | D:7      | Reached skill level 5 in Short Blades
  6583 | D:7      | Reached skill level 10 in Stealth
  6900 | D:7      | Noticed Eustachio
  6970 | D:7      | Found a deep blue altar of Sif Muna.
  7041 | D:7      | Killed Eustachio
  8782 | D:8      | Reached XP level 10. HP: 35/84 MP: 22/22
  9494 | D:9      | Found a staircase to the Lair.
  9539 | D:9      | Reached skill level 10 in Evocations
  9784 | D:9      | Reached skill level 11 in Stealth
  9874 | D:9      | Got a scorched quarterstaff
  9903 | D:9      | Identified the +6 quarterstaff "Azil" {crush, Dex+3} (You took it off a hobgoblin on level 9 of the Dungeon)
 10221 | D:9      | Noticed Maurice
 10313 | D:9      | Killed Maurice
 10572 | D:10     | Entered Level 10 of the Dungeon
 10576 | D:10     | Reached skill level 5 in Throwing
 10862 | D:10     | Noticed a hill giant
 10918 | D:10     | Killed a hill giant
 11147 | D:10     | Noticed Josephine
 11169 | D:9      | Reached skill level 1 in Armour
 11194 | Lair:1   | Entered Level 1 of the Lair of Beasts
 12161 | Lair:1   | Reached XP level 11. HP: 65/92 MP: 21/21
 13380 | Lair:2   | Noticed a seven-headed hydra
 13591 | Lair:3   | Noticed a six-headed hydra
 13626 | Lair:2   | HP: 4/93 [six-headed hydra (5)]
 13627 | Lair:2   | Slain by a six-headed hydra

Action                   |  1- 3 |  4- 6 |  7- 9 | 10-12 || total
-------------------------+-------+-------+-------+-------++-------
Melee: Dagger            |    94 |   123 |   458 |   470 ||  1145
       Blowgun           |       |       |       |     3 ||     3
 Fire: Blowgun           |    14 |    69 |    95 |   129 ||   307
Throw: Stone             |    19 |    62 |    25 |    15 ||   121
       Tomahawk          |       |       |    61 |    19 ||    80
       Throwing net      |       |       |    13 |     2 ||    15
 Abil: Device Recharging |       |       |       |     3 ||     3
Evoke: Wand              |       |     2 |    12 |    23 ||    37
       Lamp of fire      |       |       |       |     1 ||     1
       Phial of floods   |       |       |       |     1 ||     1
  Use: Scroll            |     6 |     7 |    10 |    13 ||    36
       Potion            |       |       |     8 |     3 ||    11
 Stab: Sleeping          |    14 |    15 |    30 |    15 ||    74
       Distracted        |       |     1 |     4 |     5 ||    10
       Held in net/web   |       |       |     3 |     1 ||     4
  Eat: Chunk             |     1 |     7 |    17 |     8 ||    33
       Beef jerky        |       |       |       |     2 ||     2
       Meat ration       |       |       |       |     1 ||     1
